Map: Forteresse de fer EC

Players

AgCl

  • Race: Protoss Protoss
  • League: Grandmaster

JadeFalcon - Winner!

  • Race: Protoss Protoss
  • League: Grandmaster

VOD

Have the link to the VOD?

Description

Time

  • Played on: July 12, 2015, 6:14 p.m.
  • Length: 9:24
Show
View Real Time Build Order
Export as new Build Order

AgCl Protoss 

Build Orders:  

Get SALT Encoding   

  12  0:14  Probe  
  12  0:19  Pylon  
  13  0:26  Probe  
  14  0:38  Probe  
  15  0:50  Probe (Chrono Boost)  
  16  1:01  Probe (Chrono Boost)  
  16  1:03  Gateway  
  17  1:08  Probe (Chrono Boost)  
  17  1:09  Assimilator  
  18  1:30  Probe, Nexus  
  19  1:42  Probe  
  20  1:50  Zealot (Chrono Boost)  
  20  1:51  Cybernetics Core  
  20  1:52  Pylon  
  22  2:00  Assimilator  
  22  2:07  Pylon  
  22  2:10  Probe  
  24  2:22  Probe (Chrono Boost)  
  24  2:33  Assimilator  
  24  2:35  Probe (Chrono Boost)  
  27  2:45  Probe x2 (Chrono Boost)  
  27  2:53  Probe (Chrono Boost)  
  27  2:55  Probe (Chrono Boost)  
  29  3:00  Probe (Chrono Boost)  
  31  3:09  Pylon  
  31  3:10  Probe (Chrono Boost)  
  31  3:11  Probe (Chrono Boost)  
  32  3:16  Probe (Chrono Boost)  
  32  3:18  Probe (Chrono Boost), Stargate  
  35  3:28  Probe (Chrono Boost)  
  35  3:30  Mothership Core (Chrono Boost), Warp Gate (Chrono Boost)  
  37  3:36  Probe (Chrono Boost)  
  38  3:43  Probe (Chrono Boost)  
  38  3:45  Probe (Chrono Boost)  
  40  3:55  Probe (Chrono Boost)  
  42  3:57  Probe (Chrono Boost)  
  42  3:59  Assimilator  
  42  4:01  Probe (Chrono Boost), Oracle  
  42  4:02  Probe (Chrono Boost)  
  46  4:05  Robotics Facility  
  46  4:07  Pylon  
  47  4:12  Probe (Chrono Boost)  
  49  4:19  Probe (Chrono Boost)  
  50  4:24  Probe (Chrono Boost)  
  50  4:29  Probe (Chrono Boost)  
  50  4:30  Probe (Chrono Boost)  
  52  4:38  Probe  
  52  4:42  Probe  
  54  4:47  Nexus  
  54  4:50  Fleet Beacon, Probe  
  55  4:53  Pylon  
  55  4:54  Probe  
  55  4:57  Phoenix (Chrono Boost)  
  50  5:03  Probe  
  50  5:06  Probe  
  52  5:15  Probe  
  52  5:18  Probe  
  53  5:27  Probe  
  54  5:28  Phoenix (Chrono Boost)  
  54  5:30  Probe  
  54  5:32  Carrier (Chrono Boost)  
  57  5:39  Probe  
  58  5:43  Probe  
  58  5:45  Adept  
  61  5:50  Assimilator  
  61  5:51  Probe  
  61  5:52  Pylon  
  61  5:55  Probe  
  69  5:59  Probe, Pylon  
  69  6:03  Probe  
  71  6:08  Probe  
  72  6:12  Probe  
  72  6:15  Probe  
  72  6:16  Pylon  
  74  6:20  Probe  
  74  6:24  Probe  
  74  6:26  Forge  
  74  6:31  Zealot  
  76  6:42  Carrier (Chrono Boost)  
  76  6:55  Adept  
  76  6:58  Assimilator  
  76  7:00  Pylon  
  79  7:03  Probe (Chrono Boost)  
  79  7:04  Gateway  
  79  7:05  Gateway, Immortal (Chrono Boost)  
  79  7:06  Pylon  
  79  7:08  Stargate  
  90  7:09  Probe (Chrono Boost), Photon Cannon  
  90  7:10  Pylon  
  90  7:11  Pylon  
  84  7:25  Graviton Catapult (Chrono Boost), Protoss Ground Weapons Level 1 (Chrono Boost)  
  84  7:27  Probe  
  83  7:32  Photon Cannon  
  83  7:34  Probe  
  85  7:37  Observer  
  85  7:38  Gateway x2  
  85  7:41  Carrier (Chrono Boost)  
  85  7:50  Adept  
  69  7:57  Pylon  
  69  8:00  Nexus  
  70  8:33  Photon Cannon  
  70  8:37  Observer  
  77  8:47  Probe (Chrono Boost)  
  77  8:48  Probe (Chrono Boost)  
  79  9:02  Probe (Chrono Boost)  
Show
View Real Time Build Order
Export as new Build Order

JadeFalcon Protoss - Winner!

Build Orders:  

Get SALT Encoding   

  12  0:00  Probe  
  13  0:13  Probe  
  14  0:18  Pylon  
  14  0:36  Probe (Chrono Boost)  
  14  0:38  Gateway  
  15  0:44  Assimilator  
  15  0:47  Probe (Chrono Boost)  
  16  0:54  Probe (Chrono Boost)  
  16  0:55  Pylon  
  17  1:05  Probe (Chrono Boost)  
  18  1:14  Probe (Chrono Boost)  
  19  1:22  Probe  
  20  1:26  Cybernetics Core  
  20  1:30  Zealot  
  22  1:34  Probe (Chrono Boost)  
  22  1:36  Assimilator  
  23  1:45  Pylon  
  23  1:46  Probe (Chrono Boost)  
  24  1:52  Probe (Chrono Boost)  
  25  2:06  Robotics Facility  
  25  2:18  Mothership Core (Chrono Boost)  
  27  2:49  Gateway  
  27  2:50  Gateway  
  27  2:54  Robotics Bay  
  27  3:03  Nexus  
  27  3:05  Warp Prism (Chrono Boost)  
  29  3:26  Gateway  
  29  3:28  Gateway  
  33  3:53  Disruptor (Chrono Boost)  
  33  3:56  Warp Gate (Chrono Boost)  
  33  4:00  Pylon  
  33  4:18  Disruptor  
  33  4:23  Gravitic Drive (Chrono Boost)  
  33  4:28  Nexus  
  33  4:30  Probe x2  
  35  4:35  Observer  
  36  4:40  Disruptor  
  36  4:45  Probe x2  
  38  4:57  Probe x2  
  40  5:09  Probe  
  39  5:43  Probe  
  39  5:44  Probe x2  
  46  5:55  Probe (Chrono Boost)  
  46  5:56  Probe (Chrono Boost), Disruptor  
  48  5:57  Forge  
  48  5:58  Forge  
  48  6:01  Gateway  
  48  6:02  Probe (Chrono Boost)  
  48  6:03  Gateway  
  49  6:06  Gateway  
  49  6:08  Probe x2 (Chrono Boost)  
  49  6:11  Stalker x2, Probe (Chrono Boost)  
  54  6:15  Probe x2 (Chrono Boost)  
  58  6:18  Probe  
  58  6:20  Zealot  
  57  6:39  Stalker x2  
  57  6:40  Stalker  
  57  6:47  Warp Prism (Chrono Boost)  
  52  7:03  Stalker x4  
  52  7:04  Stalker  
  52  7:05  Zealot  
  63  7:12  Disruptor  
  57  7:24  Probe  
  57  7:25  Probe x2  
  60  7:35  Pylon  
  60  7:36  Probe  
  61  7:37  Probe x2  
  61  7:42  Disruptor  
  63  7:48  Probe  
  63  7:49  Probe  
  65  7:54  Stalker  
  65  7:55  Stalker x5  
  71  8:27  Stalker x3  
  71  8:31  Zealot x3, Assimilator  
  71  8:33  Disruptor, Assimilator  
  79  8:36  Photon Cannon  
  79  8:40  Photon Cannon  
  79  8:41  Probe x3  
  82  8:50  Pylon  
  82  9:08  Probe x2  
  73  9:22  Stalker x6  
Tags
 
Add a new tag
Caveats
  • Supply blocks, unpowered buildings, or Contaminate may cause inaccurate times.
  • Supply counts are checked every 10 seconds.